 Dungeon Crawl Stone Soup version 0.29.1-1-gd02db6906a (webtiles) character file.

Game seed: 17734396399790817730

1330 groovy9 the Skirmisher (level 8, -1/56 HPs)
             Began as a Formicid Hunter on Sept 18, 2022.
             Slain by a six-headed hydra (9 damage)
             ... on level 12 of the Dungeon.
             The game lasted 00:15:24 (4871 turns).

groovy9 the Skirmisher (Formicid Hunter)            Turns: 4871, Time: 00:15:25

Health: -1/56      AC:  3    Str: 16    XL:     8   Next: 91%
Magic:  0/24       EV: 12    Int:  9    God:
Gold:   230        SH:  0    Dex: 19    Spells: 14/17 levels left

rFire   . . .      SeeInvis +   a - +0 shortbow (venom)
rCold   . . .      Faith    .   (no shield)
rNeg    . . .      Spirit   +   c - +0 leather armour
rPois   .          Reflect  .   (helmet unavailable)
rElec   .          Harm     .   q - scarf {repulsion}
rCorr   .          Rampage  .   (no gloves)
Will    .....                   (no boots)
Stlth   ++........              e - amulet of guardian spirit
HPRegen 0.18/turn               i - ring of magical power
MPRegen 0.19/turn               r - ring of wizardry

@: repel missiles
A: permanent stasis, dig shafts and tunnels, antennae 3, four strong arms
a: Dig, Shaft Self


You were on level 12 of the Dungeon.
You visited 1 branch of the dungeon, and saw 9 of its levels.

You collected 230 gold pieces.

Inventory:

Hand Weapons
 a - a +0 shortbow of venom (weapon)
 b - a +0 dagger
Missiles
 f - 3 throwing nets
Armour
 c - a +0 leather armour (worn)
 q - a scarf of repulsion (worn)
Jewellery
 e - an amulet of guardian spirit (around neck)
 i - a ring of magical power (left hand)
 r - a ring of wizardry (right hand)
Wands
 n - a wand of flame (27)
Scrolls
 j - 2 scrolls of immolation
 l - a scroll of magic mapping
 o - a scroll of torment {unknown}
 p - a scroll of fear {unknown}
 s - a scroll of noise {unknown}
Potions
 g - a potion of might
 k - 3 potions of mutation
 m - a potion of degeneration


   Skills:
 - Level 2.1 Fighting
 + Level 8.0 Ranged Weapons
 - Level 1.7 Dodging
 - Level 1.2 Stealth
 + Level 5.1 Spellcasting
 + Level 5.6 Transmutations


You had 14 spell levels left.
You knew the following spells:

 Your Spells              Type           Power      Damage    Failure   Level
a - Wereblood             Tmut           12%        N/A       1%          2
b - Beastly Appendage     Tmut           24%        N/A       1%          1

Your spell library contained the following spells:

 Spells                   Type           Power      Damage    Failure   Level
 Spider Form              Tmut/Pois      7%         N/A       12%         3
 Dazzling Flash           Conj/Hex       4%         N/A       32%         3
 Agony                    Necr           2%         N/A       96%         5
 Silence                  Hex/Air        1%         N/A       96%         5
 Conjure Ball Lightning   Conj/Air       1%         3x3d6     100%        6
 Dispersal                Tloc           1%         N/A       100%        6
 Discord                  Hex            1%         N/A       100%        8
 Disjunction              Tloc           1%         N/A       100%        8


Dungeon Overview and Level Annotations

Branches:
Dungeon (10/15)
 Temple: D:4-7         Lair: D:8-11         Orc: D:9-12

Altars:
Kikubaaqudgha
Trog
Vehumet
Yredelemnul

Annotations:
D:2 1 runed translucent door, Crazy Yiuf
D:4 Menkaure


Innate Abilities, Weirdness & Mutations

You cannot be hasted, slowed, berserked, paralysed or teleported.
You can dig through walls and to a lower floor.
You have a pair of large antennae on your head. (SInv)
Your four strong arms can wield two-handed weapons with a shield.


Message History

You see here 9 stones.
You feel sick.
You feel sick.
You feel sick.
You feel sick.
You start resting.
You feel sick. x3
You are no longer poisoned.
You start resting.
Magic restored.
You start resting.
HP restored.
Okay, then.
Unknown command.
You see here 9 stones.
You pick up a book of Chaos and begin reading...
You add the spells Conjure Ball Lightning and Discord to your library.
A six-headed hydra comes into view.
You see here 17 gold pieces.
You open the door.
A four-headed hydra comes into view.
The four-headed hydra roars!
You hear two shouts!
There is an open door here.
A two-headed ogre comes into view.
It is wielding a +0 giant club and a +0 giant spiked club.
The two-headed ogre shouts in stereo!
You hear an angry hiss.
The four-headed hydra barely misses you.
The four-headed hydra bites you. The four-headed hydra bites you! x2
The four-headed hydra closely misses you.
The four-headed hydra bites you!
The four-headed hydra barely misses you.
The four-headed hydra bites you! The four-headed hydra bites you.
The four-headed hydra bites you!
* * * LOW HITPOINT WARNING * * *
The four-headed hydra misses you.
The four-headed hydra barely misses you.
The six-headed hydra bites you.
* * * LOW HITPOINT WARNING * * *
The six-headed hydra bites you.
* * * LOW HITPOINT WARNING * * *
The six-headed hydra bites you!
You die...

#..###
#....#
#....#
#....#
+....#
#....#
##.###
##+###D###
.......D@.#
..........#
.##..##..##
#.. #.O#
... ....
... .....
.## ##..##
#..#


You could see a six-headed hydra, a four-headed hydra and a two-headed ogre.

Vanquished Creatures
  Sigmund (D:4)
  Eustachio (D:4)
  An ogre (D:4)
  A phantom (D:4)
  A kobold brigand (D:9)
  2 bullfrogs (D:7)
  2 killer bees (D:9)
  5 howler monkeys (D:7)
  A jelly (D:7)
  An orc priest (D:4)
  Terence (D:2)
  Jessica (D:2)
  2 orc wizards (D:4)
  A statue (D:3)
  8 gnolls
  6 adders
  An ufetubus (D:4)
  2 worms
  A dart slug (D:2)
  2 orcs (D:4)
  8 ball pythons
  8 endoplasms
  5 giant cockroaches
  10 goblins
  5 hobgoblins
  4 jackals (D:4)
  2 quokkas (D:3)
  7 bats
  A frilled lizard (D:2)
  14 kobolds
  6 rats
111 creatures vanquished.

Vanquished Creatures (others)
  2 fungi (D:2)
  11 plants (D:2)
13 creatures vanquished.

Grand Total: 124 creatures vanquished

Notes
Turn   | Place    | Note
-------+----------+-------------------------------------------
     0 | D:1      | groovy9 the Formicid Hunter began the quest for the Orb.
     0 | D:1      | Reached XP level 1. HP: 16/16 MP: 1/1
   203 | D:1      | Reached XP level 2. HP: 22/22 MP: 2/2
   507 | D:1      | Reached XP level 3. HP: 24/27 MP: 3/3
   900 | D:1      | Reached skill level 5 in Ranged Weapons
  1212 | D:2      | Noticed Jessica
  1215 | D:2      | Killed Jessica
  1216 | D:2      | Reached XP level 4. HP: 33/33 MP: 4/4
  1217 | D:2      | Found a faded altar of an unknown god.
  1285 | D:2      | Noticed Terence
  1289 | D:2      | Killed Terence
  1290 | D:2      | Reached skill level 6 in Ranged Weapons
  1290 | D:2      | Reached XP level 5. HP: 32/38 MP: 5/5
  1488 | D:2      | Learned a level 2 spell: Wereblood
  1501 | D:2      | Found a runed translucent door.
  1502 | D:2      | Noticed Crazy Yiuf
  1871 | D:3      | Reached skill level 1 in Transmutations
  1958 | D:3      | Reached skill level 1 in Spellcasting
  2505 | D:3      | Found a radiant altar of Vehumet.
  2505 | D:3      | Noticed a charred statue
  2578 | D:3      | Killed a charred statue
  2579 | D:3      | Reached XP level 6. HP: 44/44 MP: 8/8
  2653 | D:3      | Found an ancient bone altar of Kikubaaqudgha.
  2749 | D:4      | Noticed Eustachio
  2777 | D:4      | Killed Eustachio
  2842 | D:4      | Learned a level 1 spell: Beastly Appendage
  2885 | D:4      | Reached XP level 7. HP: 50/50 MP: 10/10
  3046 | D:4      | Noticed Sigmund
  3058 | D:4      | Killed Sigmund
  3089 | D:4      | Reached skill level 7 in Ranged Weapons
  3209 | D:4      | Reached XP level 8. HP: 32/55 MP: 8/13
  3643 | D:4      | Noticed Menkaure
  3902 | D:4      | You fall into a shaft and drop 3 floors!
  4003 | D:7      | Found a basalt altar of Yredelemnul.
  4097 | D:7      | Reached skill level 5 in Transmutations
  4116 | D:7      | You fall into a shaft and drop 3 floors!
  4116 | D:10     | Entered Level 10 of the Dungeon
  4116 | D:10     | Found a bloodstained altar of Trog.
  4596 | D:9      | Reached skill level 5 in Spellcasting
  4600 | D:9      | Reached skill level 8 in Ranged Weapons
  4600 | D:9      | You fall into a shaft and drop 3 floors!
  4854 | D:12     | Noticed a six-headed hydra
  4865 | D:12     | Noticed a four-headed hydra
  4867 | D:12     | Noticed a two-headed ogre
  4871 | D:12     | Slain by a six-headed hydra

Illustrated notes

Levels and vault maps discovered:
D:1:      lightli_arrival_lavapool, layout_basic
D:2:      layout_basic, shapermc_ecumenical_altar_mp_urbaneastern,
          minmay_crystal_room, uniq_crazy_yiuf_cottage, uniq_jessica,
          uniq_terence
D:3:      layout_basic, vehumet_statue, kiku_gazebo_pond_becter
D:4:      minmay_evil_eye, layout_basic, uniq_sigmund, uniq_menkaure,
          uniq_eustachio
D:6:      layout_gridville, mainiacjoe_overflow_surrounded_room
D:7:      layout_basic, mainiacjoe_overflow_concentric_impassable,
          temple_fountains, nicolae_zen_rock_garden, hangedman_decor_riveting
D:9:      layout_loops_ring, tgw_sif, lair_entry_dummy, hiddenorc1_lemuel,
          minmay_quadrilaterals
D:10:     layout_roguey, pdpol_wu_jian_five_deadly_venoms, lemuel_tele_altar,
          amcnicky_altar_gilded, nicolae_overflow_crystal_walls,
          kennysheep_generic_room_13
D:12:     layout_gridville, maelrawn_ghost_gauntlet_escape, tgw_fedhas,
          uniq_lodul, uniq_nergalle

Skill      XL: |  1  2  3  4  5  6  7  8 |
---------------+-------------------------+-----
Ranged Weapons | 5 6 7 8 |  8.0
Transmutations | 1 2 4 5 |  5.6
Spellcasting   | 1 2 3 5 |  5.1
Fighting       | |  2.1
Dodging        | |  1.7
Stealth        | |  1.2

Action                   |  1- 3 |  4- 6 |  7- 9 || total
-------------------------+-------+-------+-------++-------
 Fire: Shortbow          |    88 |    98 |   135 ||   321
 Abil: Dig               |     2 |       |     5 ||     7
       Shaft Self        |       |       |     3 ||     3
  Use: Scroll            |     3 |     4 |     2 ||     9
       Potion            |     1 |       |     3 ||     4
Armor: Leather armour    |     9 |    12 |    16 ||    37
Dodge: Dodged            |    20 |    30 |    39 ||    89
       Repelled          |       |       |     2 ||     2
